 Dungeon Crawl Stone Soup version 0.23.0 (webtiles) character file.

Game seed: 14817257755512638136

118 tilp the Grave Robber (level 5, -1/41 HPs)
             Began as a Hill Orc Necromancer on Feb 10, 2019.
             Slain by a centaur skeleton (7 damage)
             ... on level 2 of the Dungeon.
             The game lasted 00:13:21 (3246 turns).

tilp the Grave Robber (Hill Orc Necromancer)        Turns: 3246, Time: 00:13:21

Health: -1/41      AC:  3    Str: 11    XL:     5   Next: 2%
Magic:  2/8        EV: 12    Int: 16    God:
Gold:   96         SH:  0    Dex: 11    Spells: 3/8 levels left

rFire    . . .     SeeInvis .   a - +0 dagger
rCold    . . .     Gourm    .   (no shield)
rNeg     . . .     Faith    .   l - +0 robe
rPois    .         Spirit   .   c - +0 helmet
rElec    .         Reflect  .   (no cloak)
rCorr    .         Harm     .   (no gloves)
MR       .....                  (no boots)
Stlth    ++........             (no amulet)
HPRegen  0.13/turn              (no ring)
MPRegen  0.11/turn              (no ring)

@: lethally poisoned (-1 -> -3)
A: no striking features
a: no special abilities


You were on level 2 of the Dungeon.
You were hungry.

You visited 1 branch of the dungeon, and saw 2 of its levels.

You collected 96 gold pieces.

Inventory:

Hand Weapons
 a - a +0 dagger (weapon)
 b - a +0 hunting sling
 e - a +0 dagger
Missiles
 d - 12 sling bullets
 f - 109 stones (quivered)
Armour
 c - a +0 helmet (worn)
 j - a +3 ring mail
 l - a +0 robe (worn)
Scrolls
 g - a scroll of identify {unknown}
 k - a scroll of teleportation {unknown}
Potions
 h - 3 potions of curing {unknown}
 i - a potion of heal wounds {unknown}


   Skills:
 - Level 2.0 Fighting
 - Level 1.5 Dodging
 - Level 2.1 Stealth
 - Level 2.0 Spellcasting
 + Level 5.3 Necromancy


You had 3 spell levels left.
You knew the following spells:

 Your Spells              Type           Power        Failure   Level  Hunger
a - Pain                  Necr           ###.         2%          1    #......
b - Animate Skeleton      Necr           N/A          2%          1    #......
c - Vampiric Draining     Necr           ###.......   7%          3    ###....

Your spell library contained the following spells:

 Spells                   Type           Power        Failure   Level  Hunger
 Regeneration             Chrm/Necr      ##........   21%         3    ###....
 Animate Dead             Necr           N/A          22%         4    #####..


Dungeon Overview and Level Annotations

Branches:
Dungeon (2/15)

Altars:
Okawaru

Annotations:
D:2 Sigmund


Message History

You feel stronger.
You feel sick.
You feel sick.
You feel sick.
The centaur skeleton hits you but does no damage.
You feel sick.
You feel sick. The centaur skeleton hits you.
You feel sick.
You feel sick. The centaur skeleton hits you.
* * * LOW HITPOINT WARNING * * *
You feel sick. The centaur skeleton misses you.
You feel sick. The centaur skeleton hits you.
* * * LOW HITPOINT WARNING * * *
You feel sick.
You feel sick. The centaur skeleton barely misses you.
Your magical contamination has completely faded away.
The centaur skeleton hits you!
You die...

#..........##...# ....#
#..............# .....
#...........#.# #.....
#.............###......
##...............#.......#
##..........#l..............
##..###.....#..#.......... ...#
#...#.........Z..#...##### ...
#.....#.....#.@..##..# #######
#....##......).<)# ............
#................# .##.........
#...##)..........# .##.........
#..>##.##.....)..##... ........
#...##)#####..........#........
######..## #.....#.............
##..###..........#........
###[......................


You could see an iguana and a centaur skeleton.

Vanquished Creatures
  Robin (D:2)
  4 gnolls (D:2)
  An adder (D:2)
  A worm (D:1)
  2 leopard geckos (D:1)
  2 giant cockroaches
  12 goblins
  4 hobgoblins
  7 jackals
  A quokka (D:2)
  2 ball pythons (D:1)
  7 bats (D:1)
  2 frilled lizards (D:1)
  A kobold (D:2)
  4 rats
51 creatures vanquished.

Vanquished Creatures (collateral kills)
  2 hobgoblins (D:1)
  2 jackals (D:1)
  2 rats (D:1)
6 creatures vanquished.

Grand Total: 57 creatures vanquished

Notes
Turn   | Place    | Note
-------+----------+-------------------------------------------
     0 | D:1      | tilp the Hill Orc Necromancer began the quest for the Orb.
     0 | D:1      | Reached XP level 1. HP: 14/14 MP: 3/3
    52 | D:1      | Reached skill level 1 in Fighting
   138 | D:1      | Learned a level 1 spell: Animate Skeleton
   166 | D:1      | Reached XP level 2. HP: 21/24 MP: 0/4
   639 | D:1      | Reached XP level 3. HP: 20/29 MP: 1/6
  1058 | D:1      | Learned a level 3 spell: Vampiric Draining
  1080 | D:2      | Noticed Robin
  1176 | D:2      | Found a faded altar of an unknown god.
  1178 | D:2      | Noticed Sigmund
  1839 | D:1      | Reached XP level 4. HP: 33/36 MP: 2/7
  2969 | D:2      | Reached skill level 5 in Necromancy
  3131 | D:2      | Found an iron altar of Okawaru.
  3138 | D:2      | Killed Robin
  3225 | D:2      | Reached XP level 5. HP: 19/41 MP: 0/8
  3246 | D:2      | Slain by a centaur skeleton

Skill      XL: |  1  2  3  4 |
---------------+-------------+-----
Fighting       | 2 |  2.0
Spellcasting   | 2 |  2.0
Stealth        | 2 |  2.1
Necromancy     | 5 |  5.3
Dodging        | |  1.5

Action                   |  1- 3 |  4- 6 || total
-------------------------+-------+-------++-------
Melee: Dagger            |       |    24 ||    24
Throw: Stone             |       |     1 ||     1
 Cast: Pain              |    77 |    54 ||   131
       Animate Skeleton  |    11 |       ||    11
       Vampiric Draining |       |     2 ||     2
  Use: Potion            |       |     1 ||     1
  Eat: Chunk             |     3 |     3 ||     6
       Ration            |       |     1 ||     1
Armor: Robe              |     6 |    13 ||    19
Dodge: Dodged            |    39 |    35 ||    74
